NWL (28 & UNDER)
LA CROSSE LOGGERS @ CULVER CITY EXTRAS
08/15/2023
 
TOP OF THE 1ST
La Crosse Loggers batting - Pitching for Culver City Extras : RHP Don Barnes
Pitching: RHP Don Barnes
Batting: LHB Ricardo Ruíz 0-0: Ball
1-0: DOUBLE (Flyball, 9LD)
Batting: LHB Oliver Beltrán 0-0: Ball
1-0: Called Strike
1-1: Swinging Strike
1-2: Ball
Passed Ball!
Ricardo Ruíz to third
2-2: Foul Ball, location: 2F
2-2: Foul Ball, location: 2F
2-2: Foul Ball, location: 2F
2-2: Ball
3-2: Base on Balls
Batting: RHB Paul Bailey 0-0: Called Strike
0-1: Ball
1-1: Fly out, F5 (Line Drive, 5L)
Batting: RHB Sergio Sánchez 0-0: Ball
Wild Pitch!
Ricardo Ruíz scores
Oliver Beltrán to second
1-0: Ball
2-0: Foul Ball, location: 2F
2-1: Called Strike
2-2: SINGLE (Flyball, 78S)
Oliver Beltrán to third
Runner from 3rd tries for Home, SAFE, no throw or cutoff
Batting: RHB Jon Kenney 0-0: Called Strike
0-1: Ball
1-1: Ball
2-1: Ball
3-1: Foul Ball, location: 2F
3-2: Base on Balls
Sergio Sánchez to second
Batting: LHB Enrique Tirado 0-0: Called Strike
0-1: Foul Ball, location: 2F
0-2: Strikes out swinging
Batting: RHB Fraser Stanton 0-0: Ball
1-0: SINGLE (Line Drive, 56D)
Sergio Sánchez to third
Jon Kenney to second
Batting: RHB Vicente Vélez 0-0: Ball
1-0: Foul Ball, location: 2F
1-1: Fly out, F8 (Flyball, 78D)
Top of the 1st over - 2 run(s), 3 hit(s), 0 error(s), 3 left on base; La Crosse 2 - Culver City 0
BOTTOM OF THE 1ST
Culver City Extras batting - Pitching for La Crosse Loggers : RHP Chad Bennett
Pitching: RHP Chad Bennett
Batting: LHB Nick English 0-0: Ball
1-0: Ball
2-0: Ball
3-0: Called Strike
3-1: Fly out, F9 (Flyball, 9M)
Batting: LHB Richard Bell 0-0: Foul Ball, location: 2F
0-1: Fly out, F5 (Popup, 5F)
Batting: LHB Jason Lambert 0-0: Fly out, F5 (Popup, 15)
Bottom of the 1st over - 0 run(s), 0 hit(s), 0 error(s), 0 left on base; La Crosse 2 - Culver City 0
TOP OF THE 2ND
La Crosse Loggers batting - Pitching for Culver City Extras : RHP Don Barnes
Batting: RHB Jimmy Smith 0-0: Ball
1-0: Foul Ball, location: 2F
1-1: Swinging Strike
1-2: Ground out 6-3 (Groundball, 6)
Batting: LHB Ricardo Ruíz 0-0: Called Strike
0-1: Ball
1-1: Ball
2-1: Foul Ball, location: 2F
2-2: Ball
3-2: Foul Ball, location: 2F
3-2: Foul Ball, location: 2F
3-2: Base on Balls
Batting: LHB Oliver Beltrán 0-0: Fly out, F8 (Flyball, 8LM)
Batting: RHB Paul Bailey 0-0: Ball
Ricardo Ruíz steals 2nd base
1-0: Ground out 5-3 (Groundball, 56)
Top of the 2nd over - 0 run(s), 0 hit(s), 0 error(s), 1 left on base; La Crosse 2 - Culver City 0
BOTTOM OF THE 2ND
Culver City Extras batting - Pitching for La Crosse Loggers : RHP Chad Bennett
Batting: RHB Bill Little 0-0: Ball
1-0: Foul Ball, location: 2F
1-1: Ball
2-1: Foul Ball, location: 2F
2-2: Strikes out swinging
Batting: LHB Stan Bates 0-0: Ball
1-0: Ball
2-0: Ball
3-0: Base on Balls
Batting: RHB Jesús Hernández 0-0: Fly out, F9 (Flyball, 9M)
Batting: RHB Max Rash 0-0: Ball
1-0: Foul Ball, location: 2F
1-1: Ball
2-1: Foul Ball, location: 2F
2-2: Strikes out swinging
Bottom of the 2nd over - 0 run(s), 0 hit(s), 0 error(s), 1 left on base; La Crosse 2 - Culver City 0
TOP OF THE 3RD
La Crosse Loggers batting - Pitching for Culver City Extras : RHP Don Barnes
Batting: RHB Sergio Sánchez 0-0: Called Strike
0-1: Swinging Strike
0-2: Ball
1-2: Ball
2-2: Ball
3-2: Strikes out looking
Batting: RHB Jon Kenney 0-0: Ball
1-0: Called Strike
1-1: Ball
2-1: Foul Ball, location: 2F
2-2: Foul Ball, location: 2F
2-2: Ball
3-2: Base on Balls
Batting: LHB Enrique Tirado 0-0: Ball
Jon Kenney steals 2nd base
1-0: Called Strike
1-1: Called Strike
1-2: Ball
2-2: Ball
3-2: Base on Balls
Batting: RHB Fraser Stanton 0-0: Ball
1-0: Foul Ball, location: 2F
1-1: Fly out, F9 (Popup, 4D)
Batting: RHB Vicente Vélez 0-0: Called Strike
0-1: Swinging Strike
0-2: Ball
1-2: Foul Ball, location: 2F
1-2: Ball
2-2: Strikes out looking
Top of the 3rd over - 0 run(s), 0 hit(s), 0 error(s), 2 left on base; La Crosse 2 - Culver City 0
BOTTOM OF THE 3RD
Culver City Extras batting - Pitching for La Crosse Loggers : RHP Chad Bennett
Batting: RHB Cal Rogers 0-0: Ball
1-0: Ball
2-0: Foul Ball, location: 2F
2-1: Called Strike
2-2: Ball
3-2: SINGLE (Groundball, 56)
Batting: RHB Salvador Medine 0-0: Ball
1-0: Ball
2-0: Ball
3-0: Base on Balls
Cal Rogers to second
Batting: LHB Nick English 0-0: Foul Ball, location: 2F
0-1: Swinging Strike
0-2: Ball
1-2: Fielders Choice at 2nd, 4-6 (Groundball, 4)
Cal Rogers to third
Batting: LHB Richard Bell 0-0: Foul Ball, location: 2F
0-1: Swinging Strike
0-2: Foul Ball, location: 2F
0-2: Foul Ball, location: 2F
0-2: Ball
1-2: SINGLE (Groundball, 3D)
Cal Rogers scores
Nick English to second
Runner from 2nd tries for 3rd, SAFE, no throw or cutoff
Batting: LHB Jason Lambert 0-0: Foul Ball, location: 2F
0-1: Ball
1-1: SINGLE (Line Drive, 56)
Nick English scores
Richard Bell to second
Batting: RHB Bill Little 0-0: Called Strike
0-1: Called Strike
0-2: Strikes out looking
Batting: LHB Stan Bates 0-0: Swinging Strike
0-1: Called Strike
0-2: Ball
1-2: Foul Ball, location: 2F
1-2: Ball
2-2: Ball
3-2: Ground out 6-3 (Groundball, 6)
Bottom of the 3rd over - 2 run(s), 3 hit(s), 0 error(s), 2 left on base; La Crosse 2 - Culver City 2
TOP OF THE 4TH
La Crosse Loggers batting - Pitching for Culver City Extras : RHP Don Barnes
Batting: RHB Jimmy Smith 0-0: Fly out, F7 (Flyball, 7LM)
Batting: LHB Ricardo Ruíz 0-0: Foul Ball, location: 2F
0-1: Ball
1-1: Foul Ball, location: 2F
1-2: Fly out, F4 (Line Drive, 4)
Batting: LHB Oliver Beltrán 0-0: Called Strike
0-1: Fly out, F9 (Flyball, 9LS)
Top of the 4th over - 0 run(s), 0 hit(s), 0 error(s), 0 left on base; La Crosse 2 - Culver City 2
BOTTOM OF THE 4TH
Culver City Extras batting - Pitching for La Crosse Loggers : RHP Chad Bennett
Batting: RHB Jesús Hernández 0-0: Called Strike
0-1: TRIPLE (Groundball, 5L)
Batting: RHB Max Rash 0-0: Ball
1-0: Swinging Strike
1-1: Ball
2-1: Called Strike
2-2: Ball
3-2: Base on Balls
Pitching: RHP David Washington
Batting: RHB Cal Rogers 0-0: Swinging Strike
0-1: Foul Ball, location: 2F
0-2: Ball
1-2: Strikes out swinging
Batting: RHB Salvador Medine 0-0: Foul Ball, location: 2F
0-1: Ball
1-1: Foul Ball, location: 2F
1-2: 3-RUN HOME RUN (Flyball, 7D), Distance : 379 ft
Batting: LHB Nick English 0-0: Ball
1-0: Fly out, F9 (Line Drive, 9D)
Batting: LHB Richard Bell 0-0: Foul Ball, location: 2F
0-1: SINGLE (Groundball, 4M)
Batting: LHB Jason Lambert 0-0: Called Strike
0-1: Ball
1-1: Foul Ball, location: 2F
1-2: Ball
2-2: Strikes out looking
Bottom of the 4th over - 3 run(s), 3 hit(s), 0 error(s), 1 left on base; La Crosse 2 - Culver City 5
TOP OF THE 5TH
La Crosse Loggers batting - Pitching for Culver City Extras : RHP Don Barnes
Batting: RHB Paul Bailey 0-0: Called Strike
0-1: Foul Ball, location: 2F
0-2: Strikes out swinging
Batting: RHB Sergio Sánchez 0-0: Called Strike
0-1: Swinging Strike
0-2: Ball
1-2: Ball
2-2: Ball
3-2: Strikes out swinging
Batting: RHB Jon Kenney 0-0: Called Strike
0-1: Ball
1-1: Foul Ball, location: 2F
1-2: Strikes out swinging
Top of the 5th over - 0 run(s), 0 hit(s), 0 error(s), 0 left on base; La Crosse 2 - Culver City 5
BOTTOM OF THE 5TH
Culver City Extras batting - Pitching for La Crosse Loggers : RHP David Washington
Batting: RHB Bill Little 0-0: Ball
1-0: Fly out, F9 (Flyball, 9M)
Batting: LHB Stan Bates 0-0: Ball
1-0: Ball
2-0: Called Strike
2-1: Ball
3-1: Base on Balls
Batting: RHB Jesús Hernández 0-0: Ball
1-0: Ball
2-0: Foul Ball, location: 2F
2-1: SINGLE (Line Drive, 78M)
Stan Bates to second
Batting: RHB Max Rash 0-0: Fly out, F7 (Flyball, 7D)
Runner from 2nd tags up, SAFE at 3rd, no throw
Batting: RHB Cal Rogers 0-0: Ball
1-0: Ball
2-0: DOUBLE (Line Drive, 7LM)
Stan Bates scores
Jesús Hernández to third
Batting: RHB Salvador Medine 0-0: Called Strike
0-1: Swinging Strike
0-2: Ball
1-2: Ball
2-2: Ball
3-2: Foul Ball, location: 2F
3-2: Fly out, F4 (Popup, 4D)
Bottom of the 5th over - 1 run(s), 2 hit(s), 0 error(s), 2 left on base; La Crosse 2 - Culver City 6
TOP OF THE 6TH
La Crosse Loggers batting - Pitching for Culver City Extras : RHP Don Barnes
Pitching: RHP Tyler Kirkland
Batting: LHB Enrique Tirado 0-0: Ball
1-0: Called Strike
1-1: Fly out, F2 (Popup, 2LF)
Batting: RHB Fraser Stanton 0-0: Foul Ball, location: 2F
0-1: Foul Ball, location: 2F
0-2: Strikes out swinging
Batting: RHB Vicente Vélez 0-0: Ball
1-0: Swinging Strike
1-1: Foul Ball, location: 2F
1-2: Ball
2-2: Ball
3-2: Base on Balls
Batting: RHB Jimmy Smith 0-0: Fly out, F9 (Popup, 4D)
Top of the 6th over - 0 run(s), 0 hit(s), 0 error(s), 1 left on base; La Crosse 2 - Culver City 6
BOTTOM OF THE 6TH
Culver City Extras batting - Pitching for La Crosse Loggers : RHP David Washington
Batting: LHB Nick English 0-0: Ball
1-0: Called Strike
1-1: DOUBLE (Flyball, 89M)
Batting: LHB Richard Bell 0-0: Called Strike
0-1: Foul Ball, location: 2F
0-2: Ball
1-2: Strikes out swinging
Batting: LHB Jason Lambert 0-0: Intentional Walk
Batting: RHB Bill Little 0-0: Called Strike
0-1: Ball
1-1: Called Strike
1-2: Ball
2-2: Strikes out looking
Pitching: LHP Nathan Ortíz
Batting: LHB Stan Bates 0-0: Ball
1-0: Ball
2-0: Ball
3-0: Called Strike
3-1: Fly out, F1 (Popup, 2R)
Bottom of the 6th over - 0 run(s), 1 hit(s), 0 error(s), 2 left on base; La Crosse 2 - Culver City 6
TOP OF THE 7TH
La Crosse Loggers batting - Pitching for Culver City Extras : RHP Tyler Kirkland
Batting: LHB Ricardo Ruíz 0-0: Ball
1-0: Ball
2-0: Called Strike
2-1: Ball
3-1: Foul Ball, location: 2F
3-2: Base on Balls
Batting: LHB Oliver Beltrán 0-0: Called Strike
0-1: Ball
1-1: Called Strike
1-2: Ball
2-2: Foul Ball, location: 2F
2-2: Ball
3-2: Base on Balls
Ricardo Ruíz to second
Batting: RHB Paul Bailey 0-0: Swinging Strike
0-1: Ball
1-1: Swinging Strike
1-2: Foul Ball, location: 2F
1-2: Ball
2-2: Foul Ball, location: 2F
2-2: TRIPLE (Flyball, 8RXD)
Ricardo Ruíz scores
Oliver Beltrán scores
Batting: RHB Sergio Sánchez 0-0: Foul Ball, location: 2F
0-1: Ball
1-1: Ball
2-1: Ball
3-1: Base on Balls
Pinch Hitting: RHB Lloyd Harvey 0-0: Ball
1-0: Ball
2-0: Ball
3-0: Base on Balls
Sergio Sánchez to second
Batting: LHB Enrique Tirado 0-0: Grounds into double play, 4-6-3 (Groundball, 34)
Paul Bailey scores
Sergio Sánchez to third
Pitching: RHP Juan Tapia
Batting: RHB Fraser Stanton 0-0: Ball
1-0: Swinging Strike
1-1: Foul Ball, location: 2F
1-2: Strikes out swinging
Top of the 7th over - 3 run(s), 1 hit(s), 0 error(s), 1 left on base; La Crosse 5 - Culver City 6
BOTTOM OF THE 7TH
Culver City Extras batting - Pitching for La Crosse Loggers : LHP Nathan Ortíz
Now in CF: Lloyd Harvey
Batting: RHB Jesús Hernández 0-0: Called Strike
0-1: Ground out 6-3 (Groundball, 6M)
Batting: RHB Max Rash 0-0: Called Strike
0-1: Ball
1-1: Fly out, F4 (Popup, 34)
Batting: RHB Cal Rogers 0-0: Ball
1-0: Called Strike
1-1: DOUBLE (Groundball, 5L)
Batting: RHB Salvador Medine 0-0: Called Strike
0-1: Called Strike
0-2: Ball
1-2: Strikes out swinging
Bottom of the 7th over - 0 run(s), 1 hit(s), 0 error(s), 1 left on base; La Crosse 5 - Culver City 6
TOP OF THE 8TH
La Crosse Loggers batting - Pitching for Culver City Extras : RHP Juan Tapia
Now at SS: Francisco Rodríguez
Batting: RHB Vicente Vélez 0-0: Called Strike
0-1: Ball
1-1: Ball
2-1: Swinging Strike
2-2: Ball
3-2: Base on Balls
Batting: RHB Jimmy Smith 0-0: Ball
1-0: Bunted foul
1-1: Sac Bunt - play at second, runner OUT! 2-6
Batting: LHB Ricardo Ruíz 0-0: Called Strike
0-1: Ball
1-1: SINGLE (Groundball, 34D)
Jimmy Smith to second
Runner from 2nd tries for 3rd, SAFE, throw made to third
Ricardo Ruíz to second
Batting: LHB Oliver Beltrán 0-0: Swinging Strike
0-1: Ball
1-1: Ball
2-1: Ball
3-1: Called Strike
3-2: Strikes out looking
Batting: RHB Paul Bailey 0-0: Ball
1-0: Foul Ball, location: 2F
1-1: Ball
2-1: Ground out U3 (Groundball, 3)
Top of the 8th over - 0 run(s), 1 hit(s), 0 error(s), 2 left on base; La Crosse 5 - Culver City 6
BOTTOM OF THE 8TH
Culver City Extras batting - Pitching for La Crosse Loggers : LHP Nathan Ortíz
Batting: LHB Nick English 0-0: SINGLE (Groundball, 34D)
Batting: LHB Richard Bell 0-0: Foul Ball, location: 2F
0-1: Ball
1-1: Fielders Choice at 2nd, 1-6 (Groundball, 15S)
Pinch Hitting: RHB Júlio Figueroa 0-0: Foul Ball, location: 2F
0-1: Foul Ball, location: 2F
0-2: Fly out, F9 (Flyball, 89M)
Batting: RHB Bill Little 0-0: Ground out 4-3 (Groundball, 4)
Bottom of the 8th over - 0 run(s), 1 hit(s), 0 error(s), 1 left on base; La Crosse 5 - Culver City 6
TOP OF THE 9TH
La Crosse Loggers batting - Pitching for Culver City Extras : RHP Juan Tapia
Pitching: RHP Von Hicks
Now at 1B: Larry Howard
Now in RF: Cipriano Soto
Pinch Hitting: LHB David Doyle 0-0: Ball
1-0: Swinging Strike
1-1: Called Strike
1-2: Strikes out looking
Batting: RHB Lloyd Harvey 0-0: Ball
1-0: Ball
2-0: Ball
3-0: Base on Balls
Batting: LHB Enrique Tirado 0-0: Foul Ball, location: 2F
0-1: Foul Ball, location: 2F
0-2: Ball
1-2: SINGLE (Groundball, 34D)
Lloyd Harvey to second
Runner from 2nd tries for 3rd, SAFE, no throw or cutoff
Batting: RHB Fraser Stanton 0-0: Ball
1-0: Fly out, F4 (Popup, 34D)
Batting: RHB Vicente Vélez 0-0: Called Strike
0-1: Ball
1-1: Called Strike
1-2: Strikes out looking
Top of the 9th over - 0 run(s), 1 hit(s), 0 error(s), 2 left on base; La Crosse 5 - Culver City 6
This league is powered by Out of the Park Baseball, the baseball management simulation game for PC, Mac and Linux
Wednesday, December 2nd, 2015 - OOTP Baseball 16.8 Build 38